 Dungeon Crawl Stone Soup version 0.28.0-53-g5a82cb258f (webtiles) character file.

Game seed: 10222963032559194502

10544 Labrat the Thaumaturge (level 11, -6/83 (89) HPs)
             Began as a Demigod Conjurer on Aug 2, 2022.
             Killed from afar by an orc sorcerer (40 damage)
             ... with a bolt of negative energy
             ... on level 1 of the Orcish Mines.
             The game lasted 00:40:08 (16885 turns).

Labrat the Thaumaturge (Demigod Conjurer)          Turns: 16885, Time: 00:40:09

HP:   -6/83 (89)    AC: 16    Str: 12    XL:     11   Next: 15%
MP:   11/30         EV: 11    Int: 32    God:
Gold: 1077          SH:  0    Dex: 20    Spells: 24/31 levels left

rFire   . . .      SeeInvis +   x - +7 dagger of Vuopuap {drain, *Rage rCorr Dex+8}
rCold   . . .      Faith    .   (no shield)
rNeg    . . .      Spirit   .   y - +8 ring mail of Catatonia {rPois Str+4}
rPois   +          Reflect  .   (no helmet)
rElec   .          Harm     .   h - +1 cloak
rCorr   +          Rampage  .   o - +0 pair of gloves
Will    +....      Rage     20% (no boots)
Stlth   ++........ NoTele   +   H - amulet of magic regeneration
HPRegen 0.23/turn               q - ring of see invisible
MPRegen 0.62/turn               (no ring)

@: immobile, very slightly contaminated, drained
A: high MP 1, forlorn, divine attributes
a: no special abilities


You were on level 1 of the Orcish Mines.
You visited 4 branches of the dungeon, and saw 14 of its levels.

You collected 1077 gold pieces.

Inventory:

Hand Weapons
 x - the +7 dagger of Vuopuap (weapon) {drain, *Rage rCorr Dex+8}
   (You found it on level 5 of the Dungeon)

   A truly terrible weapon, it drains the life of any living foe it strikes.
   Dex:       It affects your dexterity (+8).
   *Rage:     It berserks you when you make melee attacks (+20% chance).
   rCorr:     It protects you from acid and corrosion.
Missiles
 l - 16 poisoned darts
Armour
 h - a +1 cloak (worn)
 o - a +0 pair of gloves (worn)
 y - the +8 ring mail of Catatonia (worn) {rPois Str+4}
   (You found it on level 7 of the Dungeon)

   Str:       It affects your strength (+4).
   rPois:     It protects you from poison.
 B - the +0 leather armour of Orat Voe {rN+++ Regen+ rCorr}
   (You found it on level 8 of the Dungeon)

   rN:        It renders you almost immune to negative energy.
   Regen:     It increases your rate of health regeneration.
   rCorr:     It protects you from acid and corrosion.
 D - a scarf of invisibility
Jewellery
 a - an amulet of regeneration
 q - a ring of see invisible (left hand)
 H - an amulet of magic regeneration (around neck)
Wands
 r - a wand of polymorph (12)
 E - a wand of flame (16)
 I - a wand of iceblast (2)
Scrolls
 c - 3 scrolls of noise
 e - 2 scrolls of enchant armour
 f - 4 scrolls of blinking
 g - 3 scrolls of teleportation
 j - 3 scrolls of torment
 m - a scroll of summoning {unknown}
 n - a scroll of fog
 s - a scroll of fear {unknown}
 t - 2 scrolls of amnesia
 w - a scroll of acquirement {unknown}
 F - a scroll of magic mapping {unknown}
Potions
 b - 5 potions of curing
 d - 4 potions of might {unknown}
 i - a potion of haste {unknown}
 k - a potion of degeneration {unknown}
 p - 2 potions of ambrosia {unknown}
 u - 2 potions of attraction {unknown}
 v - 2 potions of lignification {unknown}
 z - 2 potions of mutation {unknown}
 A - a potion of heal wounds {unknown}
 C - a potion of magic {unknown}
 G - a potion of resistance {unknown}
 J - a potion of flight {unknown}
 K - a potion of brilliance {unknown}


   Skills:
 + Level 6.1 Fighting
 - Level 1.7 Dodging
 - Level 1.7 Stealth
 + Level 10.5 Spellcasting
 - Level 10.0 Conjurations
 - Level 5.0 Evocations


You had 24 spell levels left.
You knew the following spells:

 Your Spells              Type           Power      Damage    Failure   Level
a - Magic Dart            Conj           100%       1d8       1%          1
b - Searing Ray           Conj           100%       2d8       1%          2
c - Iskenderun's Mystic   Conj/Tloc      48%        2d11      9%          4

Your spell library contained the following spells:

 Spells                   Type           Power      Damage    Failure   Level
 Dazzling Flash           Conj/Hex       96%        N/A       2%          3
 Apportation              Tloc           32%        N/A       7%          1
 Fulminant Prism          Conj/Hex       24%        3d13      9%          4
 Alistair's Intoxication  Tmut/Pois      10%        N/A       88%         5


Dungeon Overview and Level Annotations

Branches:
Dungeon (10/15)            Temple (1/1) D:4            Lair (2/6) D:9
    Orc (1/2) D:10
  Swamp: Lair:2-4    Shoals: Lair:2-4     Snake: Lair:2-4    Spider: Lair:2-4

Shops:
D:1 [   D:10 :

Portals:
Volcano: Orc:1

Annotations:
D:9 exclusion: ice statue, Erolcha
Lair:2 exclusion: catoblepas


Innate Abilities, Weirdness & Mutations

You have an increased reservoir of magic. (+10% MP)
You shall have no god before yourself.
Your divine heritage dramatically boosts your attributes as you level up.


Message History

You can move again.
Casting: Searing Ray (safe; 1% risk of failure)
Confirm with . or Enter, or press ? or * to list all spells.
You miscast Iskenderun's Mystic Blast.
You are very lightly contaminated with residual magic.
Strange energies run through your body.
You are magically locked in place.
The troll completely misses you. The troll claws you.
The troll claws you but does no damage. The troll barely misses you.
The troll claws you! The troll claws you but does no damage.
The orc hits you but does no damage.
Unknown command.
Unknown command.
Casting: Iskenderun's Mystic Blast (dangerous; 9% risk of failure)
Confirm with . or Enter, or press ? or * to list all spells.
You erupt in a blast of force!
The mystic blast hits the orc priest.
The orc priest is lightly wounded.
The orc priest is knocked back by the mystic blast.
The mystic blast hits the orc!!
You kill the orc!
The mystic blast hits the orc!
You kill the orc!
The mystic blast hits the troll!
You kill the troll!
The mystic blast hits the orc.
You kill the orc!
The mystic blast hits the troll!
The troll is almost dead.
The troll bites you but does no damage. The troll claws you but does no damage.
The troll barely misses you.
The orc sorcerer points at you and mumbles some strange words.
The bolt of negative energy misses you.
You cannot move.
Unknown command.
Casting: Iskenderun's Mystic Blast (dangerous; 9% risk of failure)
Confirm with . or Enter, or press ? or * to list all spells.
You erupt in a blast of force!
The mystic blast hits the troll.
You kill the troll!
The orc sorcerer casts a spell at you. The bolt of negative energy hits you!!!
You feel drained.
You die...

≈## ≈≈ ##
#∩## ##.#
...# #...#
...#
#...##...#
#......##..
#.@.).o...
###).o....
)......
....^..
......$
#....$.
......
#.....


You could see an orc sorcerer and an orc priest.

Vanquished Creatures
  A cyclops (D:8)
  3 torpor snails (Lair:1)
  Maggie (D:10)
  3 cane toads (Lair:1)
  A rime drake (Lair:2)
  4 trolls
  A hornet (D:7)
  3 wyverns
  A wraith (D:9)
  5 yaks (Lair:2)
  A steam dragon (D:9)
  2 water moccasins (Lair:1)
  8 orc warriors
  A sky beast (D:7)
  3 black bears
  2 necrophages (D:6)
  A hornet zombie (D:9)
  3 ice beasts (D:6)
  2 ogres
  4 wolves (Lair:1)
  4 centaurs
  A phantom (D:4)
  4 bullfrogs
  2 wyvern zombies (D:6)
  3 scorpions
  A water moccasin skeleton (D:7)
  7 killer bees
  4 howler monkeys
  17 wights
  A bullfrog zombie (D:5)
  3 centaur zombies
  A hound (D:4)
  3 jellies
  3 centaur skeletons
  7 orc priests
  2 bullfrog skeletons
  2 iguanas (D:6)
  5 orc wizards
  A scorpion zombie (D:5)
  3 killer bee zombies
  A howler monkey zombie (D:7)
  7 gnolls
  9 adders
  2 white imps
  An adder skeleton (D:4)
  The ghost of lenn0rt the Covert, a weakling GnDe (D:5)
  3 dart slugs
  35 orcs
  5 endoplasms
  2 giant cockroaches
  3 goblins
  10 hobgoblins
  5 jackals
  5 quokkas
  4 ball pythons
  4 bats
  2 frilled lizards
  9 kobolds
  8 rats
240 creatures vanquished.

Vanquished Creatures (others)
  5 fungi
  20 plants
25 creatures vanquished.

Grand Total: 265 creatures vanquished

Notes
Turn   | Place    | Note
-------+----------+-------------------------------------------
     0 | D:1      | Labrat the Demigod Conjurer began the quest for the Orb.
     0 | D:1      | Reached XP level 1. HP: 14/14 MP: 5/5
    22 | D:1      | Found Piwn's Antique Armour Boutique.
   501 | D:1      | Reached XP level 2. HP: 20/20 MP: 5/7
  1395 | D:1      | Learned a level 2 spell: Searing Ray
  1459 | D:2      | Reached XP level 3. HP: 26/26 MP: 5/9
  1577 | D:2      | Noticed a black bear
  2976 | D:3      | Reached XP level 4. HP: 29/33 MP: 4/11
  3566 | D:4      | Reached XP level 5. HP: 38/38 MP: 9/13
  3571 | D:4      | Reached skill level 5 in Conjurations
  3886 | D:4      | Found a staircase to the Ecumenical Temple.
  3895 | Temple   | Entered the Ecumenical Temple
  3994 | D:4      | Noticed an orc warrior
  4163 | D:2      | Killed a black bear
  4287 | D:4      | Reached skill level 5 in Spellcasting
  4287 | D:4      | Reached XP level 6. HP: 45/45 MP: 9/16
  4769 | D:4      | Reached skill level 1 in Fighting
  4817 | D:4      | Learned a level 4 spell: Iskenderun's Mystic Blast
  5415 | D:5      | Entered Level 5 of the Dungeon
  5475 | D:5      | Found a transporter.
  5475 | D:5      | Noticed lenn0rt's ghost (weakling GnDe)
  5479 | D:5      | Found a transporter.
  5631 | D:5      | Reached XP level 7. HP: 46/55 MP: 10/18
  5801 | D:5      | Identified the +7 dagger of Vuopuap {drain, *Rage rCorr
                  | Dex+8}
  6850 | D:6      | Reached XP level 8. HP: 66/66 MP: 14/20
  7636 | D:6      | Reached skill level 5 in Fighting
  9071 | D:7      | Noticed a hornet
  9105 | D:7      | Reached XP level 9. HP: 71/74 MP: 18/24
  9721 | D:7      | Identified the +8 ring mail of Catatonia {rPois Str+4}
  9990 | D:8      | Identified the +0 leather armour of Orat Voe {rN+++ Regen+
                  | rCorr}
 11310 | D:5      | Killed lenn0rt's ghost
 11679 | D:9      | Noticed a cyclops
 11803 | D:9      | Noticed an ice statue
 11839 | D:9      | Noticed a manticore
 12376 | D:8      | Killed a cyclops
 12377 | D:8      | Reached XP level 10. HP: 72/81 MP: 9/27
 12614 | D:9      | Noticed Erolcha
 12620 | D:9      | Found a staircase to the Lair.
 13175 | D:10     | Entered Level 10 of the Dungeon
 13609 | D:10     | Noticed Maggie
 13624 | D:10     | Killed Maggie
 13625 | D:10     | Reached skill level 10 in Conjurations
 13713 | D:10     | Found Siusix's Book Boutique.
 13838 | D:10     | Reached skill level 1 in Evocations
 14055 | D:10     | Found a staircase to the Orcish Mines.
 14105 | D:10     | Reached skill level 10 in Spellcasting
 14599 | Lair:1   | Entered Level 1 of the Lair of Beasts
 14992 | Lair:1   | Noticed a torpor snail
 15042 | Lair:1   | Reached skill level 5 in Evocations
 15466 | Lair:1   | Noticed a torpor snail
 15478 | Lair:1   | Killed a torpor snail
 15520 | Lair:1   | Noticed a torpor snail
 15528 | Lair:1   | Killed a torpor snail
 15539 | Lair:1   | Killed a torpor snail
 15540 | Lair:1   | Reached XP level 11. HP: 35/88 MP: 2/29
 15923 | Lair:2   | Noticed an eight-headed hydra
 15971 | Lair:2   | Noticed a boulder beetle
 16171 | Lair:2   | Noticed a boulder beetle
 16521 | Lair:2   | Noticed a catoblepas
 16873 | Orc:1    | Entered Level 1 of the Orcish Mines
 16873 | Orc:1    | Found a dark tunnel.
 16880 | Orc:1    | Paralysed by an orc sorcerer for 3 turns
 16885 | Orc:1    | Killed from afar by an orc sorcerer

Illustrated notes

Levels and vault maps discovered:
D:1:      mushboom_english_gardens, layout_loops_ring,
          shapermc_ecumenical_altar_mp_urbaneastern, serial_shops,
          nicolae_shop_stone, kennysheep_doodads, minmay_pentomino_r2
D:2:      layout_basic
D:3:      layout_basic, minmay_misc_feat_pillars
D:4:      layout_gridville, temple_hall, guppyfry_early_lair_pool
D:5:      layout_gridville, gammafunk_ghost_mausoleum, kennysheep_generic_room_4
D:6:      minmay_recursive_quarters, layout_layer_cave, fedhas_ov_isle_minmay
D:7:      layout_rooms, amcnicky_altar_gilded
D:8:      layout_basic, zin_academy
D:9:      layout_stronghold, overflow_temple_1_default,
          mainiacjoe_overflow_boulevard, mainiacjoe_overflow_chevrons,
          lair_entry_dummy, minivault_16, kennysheep_generic_room_9,
          uniq_erolcha
D:10:     statuecave_lemuel, layout_irregular_city,
          minmay_orc_entry_temple_large, serial_shops, shop, uniq_maggie
Temple:   compressed_dpeg_circular_temple
Lair:1:   layout_small_grid, kennysheep_snail_temple, serial_bayou_shore_b,
          grunt_megastairs_3
Lair:2:   layout_loops_ring, elwin_shoals_entry_rocks, grunt_megastairs_4
Orc:1:    layout_caves, basic_altar, nicolae_volcano_entry_two_sided,
          nicolae_orc_stony_grotto, mines2_lemuel, uniq_maurice, uniq_urug

Skill      XL: |  1  2  3  4  5  6  7  8  9 10 11 |
---------------+----------------------------------+-----
Spellcasting   | 2 3 5 6 7 9 10 | 10.5
Conjurations   | 4 5 6 7 9 10 | 10.0
Fighting       | 2 3 5 6 |  6.1
Evocations     | 5 |  5.0
Dodging        | |  1.7
Stealth        | |  1.7

Action                   |  1- 3 |  4- 6 |  7- 9 | 10-12 || total
-------------------------+-------+-------+-------+-------++-------
Melee: Unarmed           |    12 |       |       |       ||    12
       Dagger            |     2 |     1 |    10 |    10 ||    23
Throw: Dart              |       |       |     4 |     5 ||     9
 Cast: Magic Dart        |    95 |    61 |   113 |    48 ||   317
       Searing Ray       |     3 |    20 |    73 |    53 ||   149
       Iskenderun's Myst |       |       |    20 |    50 ||    70
Evoke: Wand              |       |       |       |     1 ||     1
  Use: Scroll            |       |       |       |     8 ||     8
 Stab: Sleeping          |       |       |     1 |     1 ||     2
Armor: Robe              |     6 |     2 |    17 |       ||    25
       Ring mail         |       |       |    27 |    54 ||    81
Dodge: Dodged            |    14 |    25 |    65 |    71 ||   175
